 Dungeon Crawl Stone Soup version 0.17-a0-491-gbd49765 (webtiles) character file.

928 inmateoo the Ruffian (level 8, -11/66 HPs)
             Began as a Ghoul Necromancer on Apr 10, 2015.
             Splashed by a jelly's acid (14 damage)
             ... on level 4 of the Dungeon.
             The game lasted 00:12:41 (4407 turns).

inmateoo the Ruffian (Ghoul Necromancer)            Turns: 4407, Time: 00:12:42

Health: -11/66     AC:  5    Str: 12      XL:     8   Next: 11%
Magic:  9/9        EV: 11    Int: 12      God:
Gold:   221        SH:  0    Dex:  7 (9)  Spells: 2 memorised, 6 levels left

rFire  . . .     SeeInvis +       - Unarmed
rCold  + . .     Clarity  .     e - +0 ring mail
rNeg   + + +     SustAb   .     (no shield)
rPois  ∞         Gourm    .     (no helmet)
rElec  .         Spirit   .     (no cloak)
rCorr  .         Warding  .     (no gloves)
rMut   .         Stasis   .     (no boots)
MR     .....                    (no amulet)
Stlth  +.........               (no ring)
                                d - ring of see invisible

@: rotting, not resistant to hostile enchantments, very unstealthy
A: rotting body, claws 1, carnivore 3, cold resistance 1, negative energy
resistance 3, slow healing 1, torment resistance, unbreathing
a: no special abilities


You were on level 4 of the Dungeon.
You were not hungry.

You visited 1 branch of the dungeon, and saw 5 of its levels.

You collected 221 gold pieces.

Inventory:

Hand weapons
 h - a cursed -3 blowgun
Missiles
 g - 15 poisoned needles
 i - a curare-tipped needle
Armour
 e - a +0 ring mail (worn)
Jewellery
 d - a ring of see invisible (left claw)
Scrolls
 k - a scroll of recharging
 m - a scroll of fear
Potions
 a - a potion of resistance
 f - a potion of restore abilities
 j - 2 potions of curing
 n - a potion of magic
Books
 b - a book of Necromancy

   Spells                             Type                      Level
   a - Pain                           Necromancy                   1
   b - Animate Skeleton               Necromancy                   1
   c - Vampiric Draining              Necromancy                   3
   d - Regeneration                   Charms/Necromancy            3
   e - Animate Dead                   Necromancy                   4
   f - Control Undead                 Necromancy                   4
Comestibles
 c - a meat ration


   Skills:
 + Level 4.2 Fighting
 + Level 3.4 Armour
 + Level 3.8 Dodging
 - Level 2.1 Stealth
 * Level 6.0 Unarmed Combat
 - Level 1.7 Spellcasting
 - Level 4.0 Necromancy


You had 6 spell levels left.
You knew the following spells:

 Your Spells              Type           Power        Failure   Level  Hunger
a - Pain                  Necr           ##..         14%         1    ##.....
b - Regeneration          Chrm/Necr      #.........   86%         3    ####...


Dungeon Overview and Level Annotations

Branches:
Dungeon (5/15)
 Temple: D:4-7

Altars:
Ashenzari
Dithmenos
Sif Muna
Yredelemnul


Innate Abilities, Weirdness & Mutations

Your body is rotting away.
You thrive on raw meat.
You are immune to poison.
You have sharp fingernails.
You are carnivorous and can eat meat at any time.
Your flesh is cold resistant.
You are immune to negative energy.
You heal slowly when monsters are visible.
You are immune to unholy pain and torment.
You can survive without breathing.


Message History

The jelly is lightly wounded.
The jelly closely misses you.
You scratch the jelly.
Your claws burn!
* * * LOW HITPOINT WARNING * * *
The jelly is lightly wounded.
The jelly hits you but does no damage.
You claw the jelly!
Your claws burn!
* * * LOW HITPOINT WARNING * * *
The jelly is moderately wounded.
The jelly hits you but does no damage.
You scratch the jelly.
Your claws burn!
* * * LOW HITPOINT WARNING * * *
The jelly is heavily wounded.
You claw the jelly!
Your claws burn!
* * * LOW HITPOINT WARNING * * *
The jelly is severely wounded.
The jelly hits you.
* * * LOW HITPOINT WARNING * * *
You are splashed with acid!
The acid burns!
You die...

##################
...........)..rJ@#
##############.###
# #.# # #####.# #
#.....# # #.#####
##########.#
##.........#
##.#########


You could see a jelly and a rat.

Vanquished Creatures
  A sky beast (D:4)
  2 phantoms (D:4)
  An ogre (D:4)
  A jelly (D:5)
  A quasit (D:4)
  3 hounds
  2 orc priests (D:4)
  3 orc wizards (D:4)
  Natasha (twice) (D:4)
  3 worker ants
  A hound skeleton (D:4)
  A gnoll (D:4)
  4 adders
  2 worms (D:2)
  2 oozes (D:3)
  15 orcs
  A ball python (D:4)
  6 bats
  6 hobgoblins
  6 jackals
  6 kobolds
  3 quokkas
  5 giant cockroaches
  2 giant geckos (D:4)
  A giant gecko skeleton (D:4)
  9 giant newts
  5 goblins
  9 rats
103 creatures vanquished.

Notes
Turn   | Place    | Note
--------------------------------------------------------------
     0 | D:1      | inmateoo, the Ghoul Necromancer, began the quest for the Orb.
     0 | D:1      | Reached XP level 1. HP: 14/14 MP: 2/2
   283 | D:1      | Reached skill level 1 in Unarmed Combat
   283 | D:1      | Reached XP level 2. HP: 16/22 MP: 3/3
   854 | D:2      | Found a basalt altar of Yredelemnul.
   957 | D:2      | Reached XP level 3. HP: 8/27 MP: 4/4
  1189 | D:2      | Reached skill level 1 in Armour
  1192 | D:2      | Reached skill level 1 in Fighting
  1516 | D:2      | Reached XP level 4. HP: 20/33 MP: 5/5
  1707 | D:3      | Found a deep blue altar of Sif Muna.
  2015 | D:3      | Found a shadowy altar of Dithmenos.
  2385 | D:4      | Noticed a phantom
  2585 | D:4      | Noticed Natasha
  2591 | D:4      | Killed Natasha
  2591 | D:4      | Reached XP level 5. HP: 34/40 MP: 6/6
  2644 | D:4      | Noticed a phantom
  2707 | D:4      | Killed a phantom
  2707 | D:4      | Reached XP level 6. HP: 14/49 MP: 7/7
  3162 | D:4      | Found a shattered altar of Ashenzari.
  3203 | D:4      | Noticed an ogre
  3213 | D:4      | Killed an ogre
  3472 | D:4      | Killed a phantom
  3472 | D:4      | Reached skill level 5 in Unarmed Combat
  3472 | D:4      | Reached XP level 7. HP: 30/56 MP: 8/8
  3621 | D:4      | Learned a level 3 spell: Regeneration
  3735 | D:4      | Noticed Natasha
  3745 | D:4      | Killed Natasha
  3826 | D:5      | Entered Level 5 of the Dungeon
  3995 | D:5      | HP: 2/58 [acid (14)]
  4401 | D:4      | Reached skill level 6 in Unarmed Combat
  4401 | D:4      | Reached XP level 8. HP: 16/66 MP: 9/9
  4407 | D:4      | HP: 3/66 [jelly (1)]
  4407 | D:4      | Splashed by a jelly's acid

Action                   |  1- 3 |  4- 6 |  7- 9 || total
-------------------------+-------+-------+-------++-------
Melee: Unarmed           |   173 |   297 |   148 ||   618
 Cast: Pain              |     1 |       |       ||     1
  Use: Scroll            |     3 |     7 |     2 ||    12
       Potion            |       |       |     4 ||     4
  Eat: Chunk             |    18 |    39 |    11 ||    68
